Map: Blood Boil LE

Players

DnS

  • Race: Protoss Protoss
  • Spawn Location: 5:00

Elazer - Winner!

  • Race: Zerg Zerg
  • League: Master
  • Spawn Location: 11:00

Event: HomeStory Cup XV

VOD

https://youtu.be/stBdhmPpwyw?t=26m15s

Description

Time

  • Played on: July 22, 2017, 12:56 p.m.
  • Length: 9:01

All games in this series

Show
View Real Time Build Order
Export as new Build Order

DnS Protoss 

Build Orders: Nexus First, Oracle Opening 

Get SALT Encoding   

  12  0:00  Probe (Chrono Boost), Unknown  
  13  0:11  Probe (Chrono Boost)  
  14  0:18  Pylon  
  14  0:23  Probe (Chrono Boost)  
  15  0:36  Probe (Chrono Boost)  
  16  0:47  Probe (Chrono Boost)  
  17  0:59  Nexus  
  17  1:10  Gateway  
  17  1:13  Probe (Chrono Boost)  
  18  1:19  Assimilator  
  18  1:24  Probe (Chrono Boost)  
  19  1:27  Assimilator  
  19  1:34  Probe (Chrono Boost)  
  20  1:42  Pylon  
  20  1:45  Probe (Chrono Boost)  
  21  1:55  Probe (Chrono Boost)  
  21  1:57  Cybernetics Core  
  22  2:03  Zealot  
  22  2:06  Probe (Chrono Boost)  
  25  2:11  Probe (Chrono Boost)  
  26  2:16  Probe (Chrono Boost)  
  26  2:21  Probe (Chrono Boost)  
  28  2:27  Probe (Chrono Boost)  
  29  2:30  Probe (Chrono Boost)  
  29  2:34  Warp Gate, Adept (Chrono Boost)  
  32  2:38  Probe  
  32  2:40  Probe  
  34  2:46  Stargate  
  34  2:50  Probe  
  35  2:51  Probe  
  35  2:57  Stalker (Chrono Boost)  
  38  3:02  Probe x2  
  40  3:10  Pylon  
  40  3:12  Probe  
  40  3:14  Probe  
  40  3:17  Pylon  
  42  3:21  Adept (Chrono Boost)  
  42  3:23  Probe  
  42  3:26  Probe  
  46  3:28  Oracle (Chrono Boost)  
  46  3:33  Assimilator  
  49  3:35  Probe  
  49  3:38  Probe  
  52  3:49  Probe (Chrono Boost)  
  52  3:50  Probe (Chrono Boost)  
  53  3:58  Oracle  
  53  4:01  Probe x2 (Chrono Boost)  
  53  4:02  Nexus  
  55  4:03  Pylon  
  58  4:12  Probe (Chrono Boost)  
  58  4:13  Probe (Chrono Boost)  
  60  4:17  Gateway  
  60  4:18  Gateway  
  60  4:25  Probe (Chrono Boost)  
  60  4:27  Probe (Chrono Boost)  
  62  4:35  Phoenix  
  62  4:36  Probe (Chrono Boost)  
  62  4:37  Twilight Council  
  63  4:38  Forge  
  63  4:39  Pylon  
  63  4:43  Probe (Chrono Boost)  
  66  4:47  Mothership Core (Chrono Boost)  
  68  4:54  Pylon  
  68  4:55  Probe (Chrono Boost)  
  68  4:59  Pylon, Robotics Facility, Protoss Ground Weapons Level 1  
  69  5:05  Probe (Chrono Boost)  
  69  5:06  Charge (Chrono Boost), Probe (Chrono Boost)  
  71  5:14  Probe  
  71  5:16  Probe  
  71  5:17  Probe  
  71  5:19  Assimilator  
  74  5:24  Probe  
  75  5:28  Probe  
  75  5:30  Probe  
  75  5:35  Probe  
  75  5:36  Zealot x3  
  75  5:39  Assimilator  
  75  5:40  Probe  
  75  5:42  Probe  
  84  5:46  Gateway  
  84  5:47  Probe, Gateway  
  84  5:48  Warp Prism (Chrono Boost)  
  84  5:49  Gateway  
  86  5:53  Probe  
  86  5:54  Probe  
  86  5:59  Probe  
  86  6:03  Templar Archives  
  87  6:05  Probe  
  87  6:06  Probe  
  87  6:11  Probe  
  90  6:14  Gateway  
  90  6:15  Gateway  
  90  6:17  Sentry  
  90  6:18  Zealot, Sentry  
  96  6:27  Probe, Immortal (Chrono Boost)  
  96  6:28  Probe x2  
  96  6:32  Pylon  
  103  6:33  Pylon  
  103  6:34  Pylon  
  103  6:45  Photon Cannon  
  103  6:47  Pylon  
  103  6:50  Zealot x4  
  103  6:51  Zealot x2  
  115  6:57  Photon Cannon  
  115  7:01  Pylon  
  115  7:02  Immortal (Chrono Boost)  
  119  7:13  Probe x3, Psionic Storm  
  95  7:23  High Templar x4  
  95  7:25  Probe x2  
  95  7:29  Zealot  
  105  7:30  Zealot  
  105  7:32  Probe  
  105  7:33  Zealot x2  
  105  7:35  Nexus  
  112  7:37  Probe  
  112  7:41  Pylon  
  113  7:45  Pylon  
  113  7:47  Pylon, Immortal, Probe x2  
  119  7:59  High Templar  
  119  8:00  Zealot x3, High Templar  
  119  8:04  Archon  
  129  8:09  Zealot x2  
  129  8:10  Zealot  
  135  8:14  Pylon  
  135  8:16  Pylon  
  135  8:18  Pylon  
  135  8:22  Immortal  
  139  8:31  Nexus  
  139  8:32  Pylon  
  139  8:34  Stalker, Robotics Facility  
  137  8:38  Stalker  
  123  8:44  Probe  
  112  8:49  Zealot x4  
  89  8:59  Archon  
Show
View Real Time Build Order
Export as new Build Order

Elazer Zerg - Winner!

Build Orders: Hatch First 

Get SALT Encoding   

  12  0:00  Unknown, Drone  
  13  0:12  Overlord  
  13  0:17  Drone  
  14  0:31  Drone x2  
  14  0:35  Drone  
  17  0:52  Hatchery  
  17  0:55  Drone  
  17  0:58  Drone  
  18  1:11  Extractor  
  17  1:14  Spawning Pool  
  17  1:17  Drone  
  17  1:20  Drone  
  18  1:29  Drone  
  19  1:39  Overlord  
  19  1:52  Drone  
  20  2:00  Queen  
  20  2:01  Drone  
  23  2:04  Queen  
  23  2:05  Zergling x2  
  26  2:10  Metabolic Boost  
  26  2:11  Drone  
  27  2:16  Drone  
  27  2:22  Drone  
  29  2:26  Drone  
  30  2:34  Drone  
  31  2:39  Drone  
  32  2:45  Hatchery  
  32  2:48  Pneumatized Carapace  
  31  2:52  Zergling x2  
  31  2:54  Drone  
  33  2:59  Overlord  
  33  3:01  Drone  
  34  3:08  Drone  
  34  3:09  Drone  
  36  3:17  Queen  
  36  3:19  Drone x2  
  41  3:20  Drone  
  41  3:25  Drone  
  42  3:29  Drone  
  42  3:31  Drone  
  44  3:36  Overlord  
  44  3:47  Spore Crawler  
  44  3:48  Spore Crawler  
  42  3:49  Drone  
  42  3:50  Evolution Chamber, Drone  
  42  3:51  Drone  
  42  3:53  Queen  
  42  3:54  Drone  
  42  3:55  Drone x2  
  49  3:56  Drone  
  49  3:57  Drone  
  49  4:01  Overlord  
  51  4:04  Drone  
  51  4:07  Drone  
  53  4:13  Drone x2  
  53  4:14  Spore Crawler  
  53  4:17  Zerg Melee Weapons Level 1  
  54  4:19  Drone x2  
  54  4:20  Drone x2  
  58  4:30  Overlord  
  58  4:31  Queen  
  58  4:33  Drone x3  
  58  4:37  Drone x3  
  66  4:39  Extractor, Drone  
  66  4:45  Overlord  
  66  4:47  Overlord  
  66  4:51  Zergling x8  
  70  4:55  Lair  
  70  4:56  Zergling x4  
  70  4:58  Zergling x2  
  70  4:59  Zergling x2  
  74  5:04  Extractor  
  73  5:10  Drone x3  
  73  5:11  Baneling Nest, Drone x3  
  78  5:14  Drone  
  78  5:16  Overlord  
  78  5:17  Drone x2  
  78  5:19  Drone  
  78  5:21  Drone  
  83  5:22  Drone  
  83  5:24  Drone x2  
  83  5:26  Extractor, Drone  
  84  5:31  Drone x2  
  83  5:37  Extractor  
  83  5:39  Drone  
  83  5:41  Overlord  
  83  5:42  Extractor, Drone x3  
  85  5:43  Drone  
  85  5:47  Drone  
  85  5:48  Hatchery, Drone x2  
  88  5:52  Drone  
  88  5:53  Drone x2  
  88  5:55  Centrifical Hooks  
  89  5:57  Hydralisk Den  
  89  5:59  Overlord  
  88  6:04  Overlord  
  88  6:06  Zergling x8  
  90  6:13  Zerg Melee Weapons Level 2  
  90  6:14  Overlord  
  90  6:19  Spore Crawler, Zergling x2  
  90  6:20  Zergling x12  
  90  6:21  Baneling x4  
  90  6:24  Overlord  
  90  6:25  Zergling x6  
  99  6:31  Hydralisk, Muscular Augments  
  101  6:32  Hydralisk  
  99  6:40  Drone x2  
  104  6:47  Drone x3  
  104  6:48  Drone x2  
  104  6:51  Overlord  
  106  6:56  Drone x3  
  108  7:02  Overlord  
  108  7:04  Hydralisk x4  
  115  7:12  Spore Crawler, Hydralisk  
  115  7:13  Hydralisk x5  
  119  7:19  Hydralisk x3  
  118  7:30  Hydralisk x3  
  118  7:36  Hydralisk  
  118  7:37  Hydralisk x3  
  132  7:45  Overlord  
  132  7:46  Hydralisk x3  
  138  7:52  Hydralisk  
  138  7:53  Hydralisk  
  138  7:55  Baneling  
  138  7:56  Baneling x2  
  138  7:57  Zergling x16  
  150  8:01  Overlord  
  150  8:06  Baneling x3  
  150  8:07  Baneling x4  
  150  8:10  Zergling x14  
  150  8:12  Zergling x6  
  159  8:17  Overlord  
  159  8:24  Zergling x2  
  159  8:25  Zergling x10  
  159  8:26  Baneling x7  
  159  8:27  Baneling  
  164  8:38  Zergling x18  
  165  8:42  Zergling x10  
Tags
 
Add a new tag
Caveats
  • Supply blocks, unpowered buildings, or Contaminate may cause inaccurate times.
  • Supply counts are checked every 10 seconds.